Map: Divergencia EE

Players

MrFercho

  • Race: Zerg Zerg
  • League: Silver
  • Spawn Location: 5:00

tigro

  • Race: Terran Terran
  • League: Bronze
  • Spawn Location: 5:00

visibleblack - Winner!

  • Race: Terran Terran
  • League: Gold
  • Spawn Location: 11:00

SithLord - Winner!

  • Race: Terran Terran
  • Spawn Location: 11:00

VOD

Have the link to the VOD?

Description

Time

  • Played on: June 4, 2020, 9:38 p.m.
  • Length: 12:07
Show
View Real Time Build Order
Export as new Build Order

MrFercho Zerg 

Build Orders: Pool First 

Get SALT Encoding   

  12  0:01  Drone  
  13  0:12  Drone  
  14  0:27  Extractor  
  14  0:28  Extractor, Drone x2  
  16  0:51  Spawning Pool  
  16  0:56  Overlord  
  16  0:57  Overlord  
  15  1:17  Hatchery  
  14  1:18  Drone  
  14  1:19  Drone  
  14  1:23  Extractor  
  15  1:37  Queen  
  17  1:40  Drone x2  
  19  1:52  Extractor  
  18  1:56  Drone  
  18  1:58  Drone  
  20  2:24  Drone x2  
  20  2:28  Queen  
  24  2:35  Drone x2  
  26  2:39  Metabolic Boost  
  26  3:06  Spine Crawler  
  25  3:14  Lair  
  25  3:21  Overlord x2  
  25  3:54  Zergling x2  
  25  3:55  Zergling x6  
  28  4:44  Hatchery  
  27  4:51  Spire  
  26  4:55  Spire  
  25  5:28  Evolution Chamber  
  24  5:29  Hatchery  
  24  5:35  Drone x12  
  32  5:36  Drone x3  
  38  6:04  Zerg Flyer Weapons Level 1  
  38  6:07  Zerg Flyer Armor Level 1  
  38  6:12  Queen  
  40  6:31  Drone  
  40  6:32  Drone x3  
  44  6:35  Extractor x2  
  44  6:38  Hatchery  
  41  6:46  Extractor  
  40  6:47  Extractor  
  39  7:01  Pneumatized Carapace  
  39  7:05  Burrow  
  39  7:08  Drone  
  39  7:09  Drone x4  
  39  7:10  Drone  
  45  7:24  Nydus Network  
  45  7:25  Infestation Pit  
  43  7:41  Overseer  
  43  7:50  Drone  
  43  7:51  Drone x2  
  46  7:55  Queen  
  48  8:06  Drone x2  
  50  8:23  Drone x2  
  52  8:31  Drone x3  
  55  8:51  Mutalisk  
  55  8:52  Mutalisk  
  55  8:53  Mutalisk x5  
  69  8:56  Overlord x3  
  69  8:57  Overlord  
  69  8:59  Overlord  
  69  9:01  Zerg Ground Armor Level 1  
  69  9:04  Zerg Flyer Weapons Level 2  
  69  9:11  Drone  
  70  9:20  Drone  
  70  9:21  Drone x3  
  74  9:33  Spine Crawler  
  73  9:39  Spore Crawler  
  73  9:41  Mutalisk  
  73  9:42  Mutalisk x5  
  84  9:59  Baneling Nest  
  54  10:51  Mutalisk  
  54  10:52  Mutalisk x11  
  65  11:14  Spore Crawler  
  65  11:15  Spore Crawler x2  
  65  11:18  Spore Crawler  
  41  11:38  Mutalisk x2  
  41  11:39  Mutalisk x3  
Show
View Real Time Build Order
Export as new Build Order

tigro Terran 

Build Orders:  

Get SALT Encoding   

  12  0:07  SCV  
  13  0:19  SCV  
  14  0:24  Supply Depot  
  14  0:31  Refinery, SCV  
  15  0:45  SCV  
  16  0:57  Barracks  
  16  1:12  SCV  
  17  1:19  Refinery  
  17  1:24  SCV  
  18  1:32  Supply Depot  
  18  1:37  SCV  
  19  1:49  SCV  
  19  1:50  Marine  
  21  2:00  Barracks  
  21  2:01  SCV  
  22  2:08  Marine  
  23  2:20  Engineering Bay  
  23  2:22  SCV  
  24  2:26  Marine  
  25  2:34  SCV  
  26  2:44  Marine  
  26  2:46  SCV  
  26  2:49  Barracks Tech Lab  
  28  2:59  Factory  
  28  3:02  Marine  
  29  3:20  Stimpack  
  29  3:22  Barracks Tech Lab  
  29  3:24  Marine  
  30  3:27  Orbital Command  
  30  3:42  Marine  
  31  4:12  Marine  
  31  4:37  Marine  
  32  4:49  Factory Tech Lab  
  32  4:50  Combat Shield  
  32  4:51  Starport  
  32  5:00  Concussive Shells  
  32  5:12  Siege Tank  
  35  5:14  Marine  
  36  5:30  Starport  
  36  5:32  Marine  
  37  5:36  Fusion Core  
  37  5:45  Medivac  
  37  5:49  Marine  
  40  6:07  Marine  
  40  6:09  Starport Tech Lab  
  41  6:24  Armory, Starport Tech Lab  
  41  6:26  Weapon Refit  
  41  6:48  Refinery  
  41  7:23  Terran Infantry Weapons Level 1  
  41  7:27  Command Center  
  41  8:07  Rapid Reignition System  
  47  8:34  Battlecruiser  
  47  8:40  Refinery, Widow Mine  
  49  8:46  SCV  
  50  8:53  Marine x2  
  52  8:58  SCV  
  52  9:01  Widow Mine  
  55  9:03  Advanced Ballistics  
  55  9:10  SCV  
  55  9:11  Marine x2  
  58  9:17  Terran Infantry Armor Level 1  
  58  9:23  Widow Mine, SCV  
  61  9:29  Marine  
  62  9:40  Missile Turret  
  62  10:01  Marine x2, Widow Mine, SCV  
  62  10:03  Missile Turret  
  41  10:19  Marine x2  
  41  10:22  Widow Mine  
  43  10:37  Marine x2  
  43  10:42  Missile Turret  
  43  10:44  Widow Mine  
  45  10:55  Marine x2  
  37  11:01  Missile Turret  
  35  11:05  Hellion  
  37  11:12  Marine x2  
  39  11:19  Missile Turret  
  39  11:24  Missile Turret  
  25  11:57  Missile Turret  
Show
View Real Time Build Order
Export as new Build Order

visibleblack Terran - Winner!

Build Orders: Reaper Expand 

Get SALT Encoding   

  12  0:03  SCV  
  13  0:15  SCV  
  14  0:23  Supply Depot  
  14  0:27  SCV  
  15  0:45  SCV  
  15  0:47  Barracks  
  16  0:56  Refinery  
  16  0:57  SCV  
  16  1:02  Barracks  
  17  1:09  SCV  
  18  1:23  SCV  
  19  1:42  Reaper  
  21  1:47  Orbital Command  
  20  1:58  Barracks Tech Lab  
  20  2:00  Command Center  
  20  2:17  Refinery  
  20  2:21  SCV  
  21  2:23  Marauder  
  23  2:30  Supply Depot  
  23  2:32  Barracks Reactor  
  23  2:39  SCV  
  24  2:51  SCV  
  25  3:06  SCV  
  25  3:07  Marauder  
  28  3:19  Marine  
  28  3:20  Marine  
  28  3:23  Bunker  
  31  3:28  Orbital Command  
  31  3:29  Marauder  
  32  3:34  SCV  
  33  3:46  SCV  
  34  3:59  SCV  
  35  4:17  SCV x2  
  35  4:20  Marauder, Marine x2  
  41  4:33  Factory  
  41  4:36  SCV x2  
  43  4:41  Marauder  
  43  4:44  Barracks  
  45  4:46  Orbital Command  
  45  4:48  Barracks, Supply Depot  
  45  4:54  Marine x2  
  47  5:02  Marine  
  48  5:10  SCV  
  49  5:19  Marine  
  49  5:20  Marine  
  49  5:21  Marauder  
  53  5:22  Factory Tech Lab  
  53  5:23  SCV  
  53  5:26  Refinery  
  53  5:28  Starport  
  54  5:29  Refinery  
  54  5:33  Barracks  
  54  5:36  SCV x2  
  54  5:37  Marine  
  54  5:42  Marauder  
  59  5:48  SCV x2  
  61  5:50  Supply Depot  
  61  5:51  Barracks Tech Lab  
  61  5:52  Barracks Reactor  
  61  5:53  Marine  
  62  5:57  Combat Shield  
  62  6:08  Supply Depot  
  62  6:11  Marauder, Marine, SCV x2  
  62  6:16  Engineering Bay  
  62  6:17  Marine x2  
  69  6:20  Starport Reactor  
  69  6:25  Supply Depot  
  69  6:29  Marine  
  69  6:30  Siege Tank  
  73  6:33  Marauder, SCV x2  
  77  6:40  Marine  
  77  6:43  Supply Depot  
  77  6:46  Barracks Tech Lab, Marine  
  77  6:47  Marauder, SCV x2  
  83  6:48  Barracks Reactor  
  83  6:51  Marine  
  83  6:52  Marine  
  85  6:58  Marine  
  85  7:00  Supply Depot  
  86  7:04  Marine  
  86  7:05  Marauder, SCV x2  
  86  7:07  Supply Depot  
  91  7:15  Medivac  
  93  7:16  Stimpack  
  93  7:21  Medivac  
  95  7:23  Supply Depot, Engineering Bay  
  95  7:26  Marine x2, Engineering Bay  
  95  7:28  Marine  
  95  7:29  Marine x2  
  100  7:30  Supply Depot  
  100  7:33  Concussive Shells  
  100  7:39  SCV x2  
  102  7:45  Medivac  
  102  7:49  Command Center  
  104  7:58  SCV x2  
  106  8:01  Supply Depot  
  106  8:08  Missile Turret  
  106  8:10  Missile Turret  
  106  8:13  Missile Turret  
  106  8:26  Siege Tank, Missile Turret  
  109  8:28  Marine x4, Missile Turret  
  109  8:29  Marauder x2  
  109  8:31  Marine x2  
  119  8:42  Terran Infantry Weapons Level 1  
  119  8:43  Terran Infantry Armor Level 1  
  119  8:47  Supply Depot  
  119  8:50  Marine  
  119  8:51  Marine x4  
  119  8:52  Supply Depot, Marine  
  119  8:53  Marine  
  126  9:06  Marine  
  126  9:08  Marine x2, Siege Tank  
  126  9:09  Medivac  
  134  9:11  Marauder  
  136  9:24  Marauder  
  127  10:17  Marine x4  
  127  10:18  Marauder x2, Marine x2  
  127  10:21  Supply Depot, Armory  
  127  10:35  Marine x4  
  118  10:40  Marauder x2  
  105  10:52  Marine x3  
  105  10:53  Marine x3  
  107  11:01  Marauder x2  
  111  11:08  Siege Tank  
  111  11:09  Viking x2  
  111  11:10  Marine x4  
  111  11:11  Marine  
  123  11:22  Marauder  
  123  11:23  Marauder  
  127  11:34  Marine x6  
  127  11:39  Supply Depot  
  135  11:44  Marauder x2  
Show
View Real Time Build Order
Export as new Build Order

SithLord Terran - Winner!

Build Orders:  

Get SALT Encoding   

  12  0:01  SCV  
  13  0:24  Supply Depot  
  13  0:26  SCV  
  14  0:30  Refinery  
  14  0:39  SCV  
  15  1:03  Barracks  
  15  1:05  SCV  
  16  1:17  SCV  
  17  1:20  Barracks  
  17  1:29  Supply Depot  
  17  1:31  SCV  
  18  1:40  Refinery  
  18  1:44  SCV  
  19  1:50  Barracks Reactor  
  19  1:51  Supply Depot  
  19  2:06  SCV  
  20  2:08  Barracks Tech Lab  
  20  2:16  Supply Depot  
  20  2:26  Marine  
  20  2:27  Marine  
  20  2:28  Marauder  
  20  2:29  Combat Shield  
  24  2:45  SCV  
  24  2:49  Marine  
  24  2:50  Marine  
  24  2:51  Marauder  
  29  3:07  Marine x2  
  29  3:12  Marauder  
  33  3:25  Marine x2  
  35  3:34  Marauder  
  37  3:35  Factory  
  37  3:43  Marine x2  
  37  3:47  Concussive Shells  
  39  4:01  Marine x2  
  41  4:19  SCV  
  42  4:27  Command Center  
  42  4:29  Starport, Factory Tech Lab  
  42  4:39  Marine x2  
  44  4:48  Siege Tank  
  47  5:04  Supply Depot  
  47  5:18  Starport Tech Lab  
  47  5:28  Supply Depot  
  47  5:33  Engineering Bay  
  47  5:46  Refinery  
  47  5:47  Refinery  
  47  5:49  SCV  
  48  5:51  Supply Depot  
  48  5:57  SCV  
  48  6:01  SCV  
  50  6:09  SCV  
  51  6:13  SCV  
  52  6:22  SCV  
  52  6:25  SCV  
  54  6:34  SCV  
  54  6:36  Missile Turret  
  54  6:37  SCV  
  56  6:46  SCV  
  57  6:49  SCV  
  58  6:54  Missile Turret  
  58  6:58  SCV, Missile Turret  
  59  7:01  SCV  
  60  7:13  Missile Turret  
  60  7:17  Missile Turret  
  60  7:19  Missile Turret  
  60  7:24  SCV  
  60  7:26  SCV  
  62  7:35  Missile Turret  
  62  7:36  SCV  
  63  7:38  SCV  
  63  7:39  Missile Turret  
  63  7:42  Supply Depot  
  64  7:48  SCV  
  64  7:50  SCV  
  66  7:52  Starport  
  66  7:56  Fusion Core  
  66  7:57  Marine  
  66  7:58  Marine  
  68  7:59  Missile Turret  
  68  8:00  SCV  
  68  8:04  Supply Depot  
  69  8:07  Banshee  
  72  8:15  Siege Tank  
  72  8:19  Marine x2  
  77  8:24  Marauder  
  77  8:26  Supply Depot  
  79  8:29  Starport Tech Lab  
  79  8:50  Starport, Battlecruiser  
  79  8:53  Battlecruiser  
  91  9:14  Siege Tank  
  94  9:30  Starport Reactor  
  94  9:35  Supply Depot  
  94  9:41  Marauder  
  94  9:42  Marine x2  
  98  9:55  Battlecruiser  
  98  9:57  Battlecruiser  
  98  9:58  Supply Depot  
  110  10:07  Viking x2  
  114  10:21  Supply Depot  
  112  10:37  Viking x2  
  116  10:44  Supply Depot  
  115  10:59  Battlecruiser  
  115  11:01  Battlecruiser  
  124  11:07  Viking x2, Supply Depot  
  126  11:36  Viking  
  126  11:37  Viking  
Tags
 
Add a new tag
Caveats
  • Supply blocks, unpowered buildings, or Contaminate may cause inaccurate times.
  • Supply counts are checked every 10 seconds.